 Dungeon Crawl Stone Soup version 0.28.0-53-g5a82cb258f (webtiles) character file.

Game seed: 10247874225259418725

173 nickcage the Cudgeller (level 5, -4/42 HPs)
             Began as a Minotaur Gladiator on May 24, 2022.
             Slain by Menkaure (18 damage)
             ... on level 4 of the Dungeon.
             The game lasted 00:05:43 (2404 turns).

nickcage the Cudgeller (Minotaur Gladiator)         Turns: 2404, Time: 00:05:43

Health: -4/42      AC:  6    Str: 20    XL:     5   Next: 28%
Magic:  4/4        EV: 10    Int:  5    God:
Gold:   168        SH:  4    Dex: 12    Spells: 4/4 levels left

rFire   . . .      SeeInvis .   a - +0 flail
rCold   . . .      Faith    .   m - +0 buckler
rNeg    . . .      Spirit   .   l - +0 scale mail
rPois   .          Reflect  .   c - +0 hat
rElec   .          Harm     .   f - scarf {repulsion}
rCorr   .          Rampage  .   (no gloves)
Will    .....                   (no boots)
Stlth   ..........              (no amulet)
HPRegen 0.14/turn               (no ring)
MPRegen 0.09/turn               (no ring)

@: repel missiles
A: horns 2, retaliatory headbutt
a: no special abilities


You were on level 4 of the Dungeon.
You visited 1 branch of the dungeon, and saw 4 of its levels.

You collected 168 gold pieces.

Inventory:

Hand Weapons
 a - a +0 flail (weapon)
 u - a +2 mace of protection
Missiles
 d - 3 throwing nets
 q - 3 boomerangs (quivered)
Armour
 c - a +0 hat (worn)
 f - a scarf of repulsion (worn)
 l - a +0 scale mail (worn)
 m - a +0 buckler (worn)
Wands
 k - a wand of flame (41)
Scrolls
 b - a scroll of fog {unknown}
 h - a scroll of vulnerability
 r - a scroll of fear
 s - a scroll of identify
 t - a scroll of amnesia {unknown}
Potions
 e - 2 potions of curing
 g - 2 potions of degeneration
 i - 3 potions of heal wounds
 j - a potion of lignification {unknown}
 n - 2 potions of attraction {unknown}
 o - a potion of resistance {unknown}
 p - a potion of brilliance {unknown}


   Skills:
 - Level 2.4 Fighting
 + Level 6.7 Maces & Flails
 - Level 2.0 Throwing
 * Level 1.9 Armour
 - Level 3.2 Dodging
 * Level 1.4 Shields


You had 4 spell levels left.
You didn't know any spells.
Your spell library contained the following spells:

 Spells                   Type           Power      Damage    Failure   Level
 Magic Dart               Conj           0%         1d3       91%         1


Dungeon Overview and Level Annotations

Branches:
Dungeon (4/15)
 Temple: D:4-7

Altars:
Makhleb
Sif Muna
Xom

Shops:
D:4 (?

Annotations:
D:4 Menkaure


Innate Abilities, Weirdness & Mutations

You have a pair of horns on your head.
You reflexively headbutt those who attack you in melee.


Message History

You barely miss the hobgoblin. You headbutt the hobgoblin.
You kill the hobgoblin!
No target in view!
Found a glowing mace.
Found an escape hatch in the ceiling.
You see here a +2 mace of protection.
u - a +2 mace of protection You now have 168 gold pieces (gained 8).
Found 3 poisoned darts.
i - 3 potions of heal wounds (gained 1)
Found a stone staircase leading up.
k - a wand of flame (41) (gained 20 charges)
Found an escape hatch in the floor.
A goblin comes into view. It is wielding a +2 dagger of speed.
The goblin shouts!
The goblin hits you but does no damage.
You hit the goblin. Your headbutt misses the goblin.
The goblin is almost dead.
The goblin barely misses you. You furiously retaliate!
You headbutt the goblin!
You kill the goblin!
No target in view!
Menkaure, Prince of Dust comes into view.
Menkaure mumbles some strange words.
Menkaure seems to speed up.
A hobgoblin comes into view.
You see here a wand of polymorph (10).
The hobgoblin shouts!
Menkaure calls on the powers of darkness!
The hobgoblin convulses!
Your body is wracked with pain!
You barely miss Menkaure. You headbutt Menkaure!
Menkaure is heavily damaged.
Menkaure breathes soot at you. Menkaure hits you!
You thump Menkaure!
Menkaure is severely damaged.
Menkaure closely misses you.
You barely miss Menkaure.
Menkaure is severely damaged.
Menkaure hits you!!
You die...

#.......#.............
..####...##..##.##.......
......)......###......###
..##.#...........#.....#
##......>...#....##
#.........## ....
#.../.....###.
#.............
#.....@.#....
.......gM.###..
#.######..## . ....
...... ##...... .......
.......#


You could see Menkaure (fast) and a hobgoblin.

Vanquished Creatures
  Terence (D:3)
  6 adders
  A worm (D:2)
  3 dart slugs
  6 endoplasms
  4 giant cockroaches
  7 goblins
  11 hobgoblins
  4 jackals (D:3)
  2 kobolds (D:1)
  5 quokkas
  12 ball pythons
  5 bats
  7 frilled lizards
  5 rats
79 creatures vanquished.

Vanquished Creatures (others)
  A fungus (D:1)
  3 plants
4 creatures vanquished.

Grand Total: 83 creatures vanquished

Notes
Turn   | Place    | Note
-------+----------+-------------------------------------------
     0 | D:1      | nickcage the Minotaur Gladiator began the quest for the
                  | Orb.
     0 | D:1      | Reached XP level 1. HP: 18/18 MP: 0/0
    43 | D:1      | Reached skill level 4 in Maces & Flails
    65 | D:1      | Reached XP level 2. HP: 20/25 MP: 1/1
   433 | D:1      | Reached skill level 5 in Maces & Flails
   473 | D:1      | Reached XP level 3. HP: 28/30 MP: 2/2
   489 | D:1      | Found a faded altar of an unknown god.
   497 | D:1      | Got Plato's Catalogue of Battle Magic
  1141 | D:2      | Reached XP level 4. HP: 37/37 MP: 3/3
  1154 | D:2      | Reached skill level 6 in Maces & Flails
  1361 | D:2      | Reached skill level 1 in Armour
  1480 | D:2      | Found a shimmering altar of Xom.
  1827 | D:3      | Found a shimmering blue altar of Sif Muna.
  1827 | D:3      | Found a shimmering altar of Xom.
  1828 | D:3      | Reached skill level 1 in Shields
  1829 | D:3      | Noticed Terence
  1844 | D:3      | Killed Terence
  1845 | D:3      | Reached XP level 5. HP: 31/42 MP: 4/4
  2134 | D:3      | Found a burning altar of Makhleb.
  2198 | D:4      | Found Siaria's Antique Weapon Shop.
  2287 | D:4      | Found Tatoege's Magic Scroll Emporium.
  2398 | D:4      | Noticed Menkaure
  2404 | D:4      | Slain by Menkaure

Illustrated notes

Levels and vault maps discovered:
D:1:      dpeg_arrival_rhombus, layout_basic,
          shapermc_ecumenical_altar_rom_forum
D:2:      cheibrodos_old_hovel, layout_rooms, basic_altar
D:3:      layout_rooms, lightli_temple_of_fire, grunt_temple_overflow_open,
          uniq_terence
D:4:      layout_cave_pools, serial_shops, nicolae_shop_stone,
          nicolae_shop_advertising_works [nicolae_subvault_shop_adworks],
          shop_coins, shop, uniq_menkaure

Skill      XL: |  1  2  3  4 |
---------------+-------------+-----
Maces & Flails | 4 5 6 |  6.7
Armour         | 1 |  1.9
Shields        | 1 |  1.4
Fighting       | |  2.4
Throwing       | |  2.0
Dodging        | |  3.2

Action                   |  1- 3 |  4- 6 || total
-------------------------+-------+-------++-------
Melee: Flail             |    88 |    80 ||   168
       Headbutt          |     6 |    12 ||    18
       Punch             |     1 |       ||     1
  Use: Scroll            |       |     7 ||     7
Armor: Leather armour    |     5 |       ||     5
       Ring mail         |    13 |       ||    13
       Scale mail        |     9 |    28 ||    37
Dodge: Dodged            |    69 |    45 ||   114
Block: Buckler           |       |    14 ||    14
